 Dungeon Crawl Stone Soup version 0.20.1-1-g8b1a95d (webtiles) character file.

38073 BALLS the Carver (level 14, -9/77 HPs)
             Began as a Vine Stalker Fighter on Dec 14, 2017.
             Was a High Priest of Okawaru.
             Splashed by an oklob plant's acid (13 damage)
             ... on level 4 of the Lair of Beasts on Dec 15, 2017.
             The game lasted 00:41:32 (13533 turns).

BALLS the Carver (Vine Stalker Fighter)            Turns: 13533, Time: 00:41:32

Health: -9/77      AC: -1    Str: 23    XL:     14   Next: 0%
Magic:  0/18       EV:  6    Int: 11    God:    Okawaru [*****.]
Gold:   803        SH: 21    Dex: 21    Spells: 16/16 levels left

rFire    . . .     SeeInvis .   J - +2 scimitar (flame)
rCold    + . .     Gourm    .   u - +3 large shield of Unambiguity {Dex+6}
rNeg     + + .     Faith    +   Q - +1 scale mail "Feasch" {MR+ Int+3}
rPois    .         Spirit   +   b - +2 hat
rElec    .         Reflect  .   W - scarf of Digruz {rC+ rN+}
rCorr    .         Harm     .   M - +0 pair of gloves
MR       ++...                  T - +0 pair of boots
Stlth    ..........             V - amulet of faith
Regen    1.1/turn               x - ring of wizardry
MPRegen  0.2/turn               E - ring of positive energy

@: corroded
A: fangs 3, regeneration 2, magic shield, antimagic bite, no potion heal 3, rot
immunity
a: Heroism, Finesse, Renounce Religion


You were on level 4 of the Lair of Beasts.
You worshipped Okawaru.
Okawaru was extremely pleased with you.
You were not hungry.

You visited 3 branches of the dungeon, and saw 17 of its levels.
You also visited: Volcano.

You collected 803 gold pieces.

Inventory:

Hand Weapons
 g - a +2 falchion of slicing
 B - a +4 vampiric demon blade
 J - a +2 scimitar of flaming (weapon)
Missiles
 X - 8 tomahawks of dispersal (quivered)
Armour
 b - a +2 hat (worn)
 u - the +3 large shield of Unambiguity (worn) {Dex+6}
   (Okawaru gifted it to you on level 2 of the Lair of Beasts)

   It affects your dexterity (+6).
 M - a +0 pair of gloves (worn)
 Q - the +1 scale mail "Feasch" (worn) {MR+ Int+3}
   (You found it on level 8 of the Dungeon)

   It affects your intelligence (+3).
   It affects your resistance to hostile enchantments.
 T - a +0 pair of boots (worn)
 W - the scarf of Digruz (worn) {rC+ rN+}
   (Okawaru gifted it to you on level 4 of the Lair of Beasts)

   It protects you from cold.
   It protects you from negative energy.
Jewellery
 x - a ring of wizardry (left hand)
 E - a ring of positive energy (right hand)
 V - an amulet of faith (around neck)
Wands
 o - a wand of scattershot (4/9)
 G - a wand of digging (4/24)
 K - a wand of acid (8/15)
Scrolls
 e - 4 scrolls of enchant weapon
 j - 7 scrolls of teleportation
 r - 2 scrolls of blinking
 s - 4 scrolls of enchant armour
 v - a scroll of torment {unknown}
 y - 3 scrolls of amnesia
 z - 9 scrolls of remove curse
 A - 5 scrolls of fear
 D - a scroll of recharging
 F - 4 scrolls of fog
 L - a scroll of random uselessness {unknown}
 O - a scroll of acquirement {unknown}
 S - a scroll of brand weapon {unknown}
 U - 2 scrolls of immolation {unknown}
Potions
 a - a potion of invisibility {unknown}
 d - 4 potions of might
 i - a potion of haste {unknown}
 k - 4 potions of mutation
 m - 3 potions of agility
 n - 6 potions of lignification
 p - a potion of magic {unknown}
 q - 2 potions of brilliance
 t - 7 potions of flight
 w - 6 potions of curing
 C - a potion of heal wounds {unknown}
 H - 2 potions of cancellation {unknown}
 P - 2 potions of resistance
 R - 4 potions of ambrosia {unknown}
 Z - a potion of berserk rage {unknown}
Books
 N - a book of Callings

   Spells                             Type                      Level
   a - Summon Small Mammal            Summoning                    1
   b - Call Imp                       Summoning                    2
   c - Call Canine Familiar           Summoning                    3
   d - Summon Guardian Golem          Hexes/Summoning              3
   e - Summon Lightning Spire         Summoning/Air                4
   f - Summon Ice Beast               Ice/Summoning                4
Miscellaneous
 c - a phial of floods
Comestibles
 f - 9 bread rations
 h - 7 meat rations
 l - 10 royal jellies
 I - 4 fruits
 Y - 6 chunks of flesh


   Skills:
 - Level 10.0 Fighting
 - Level 13.2 Long Blades
 - Level 9.0 Armour
 - Level 9.1 Shields
 + Level 1.5 Spellcasting
 - Level 5.0 Invocations
 - Level 5.0 Evocations


You had 16 spell levels left.
You didn't know any spells.

Dungeon Overview and Level Annotations

Branches:
Dungeon (12/15)            Temple (1/1) D:7            Lair (4/6) D:10
  Swamp (0/4) Lair:2        Snake (0/4) Lair:3          Orc (0/2) D:12

Altars:
Ashenzari
Cheibriados
Dithmenos
Elyvilon
Fedhas
Gozag
Hepliaklqana
Kikubaaqudgha
Makhleb
Nemelex Xobeh
Okawaru
Qazlal
Ru
Sif Muna
Trog
Uskayaw
Vehumet
Xom
Yredelemnul
Zin
The Shining One
Beogh
Lugonu

Shops:
D:6 %   D:12 !:

Annotations:
D:8 Maurice
Lair:4 exclusion: 4 oklob plants


Innate Abilities, Weirdness & Mutations

You have razor-sharp teeth.
You heal very quickly.
When hurt, damage is shared between your health and your magic reserves.
Your bite disrupts and absorbs the magic of your enemies.
Potions cannot restore your health.
You are immune to rotting.


Message History

The oklob plant spits acid at you. The splash of acid hits you!
The acid corrodes you!
You are splashed with acid!
The acid burns!
The oklob plant spits acid at you. The splash of acid hits you!
The acid corrodes you!
You are splashed with acid!
The acid burns!
The oklob plant spits acid at you. The splash of acid hits you!
The acid corrodes you!
You are splashed with acid!
The acid burns!
You hit the oklob plant but do no damage.
You bite the oklob plant, but do no damage.
The oklob plant spits acid at you. The splash of acid hits you!
The acid corrodes you!
You are splashed with acid!
The acid burns!
* * * LOW HITPOINT WARNING * * *
The oklob plant spits acid at you. The splash of acid hits you!
* * * LOW HITPOINT WARNING * * *
You are splashed with acid!
The acid burns!
You die...

........####.. ..
##.........#...##..
####P..P............. .
#.....##.....#.....#.. ..
#.............#...#...
...#.....#...........#...
#......#...........#...
..#......#......#....##..
........@#P.....##.#.##..
..#PPP..#..<.....####....
#=$$:P#................
#?P..(#..#.#P#######..#
#)P?$$######## ####
#.$.$.# #.P..$# #######


You could see 4 oklob plants.

Vanquished Creatures
  Gastronok (Lair:2)
  2 hydras
  Erica (D:8)
  The ghost of Kave the Grappler, a novice TrTm of Sif Muna (D:9)
  The ghost of blah the Blocker, a journeyman GrFi of Ru (Lair:3)
  4 death yaks (Lair:2)
  4 two-headed ogres
  Sonja (Lair:2)
  A salamander mystic (Volcano)
  Pikel (D:7)
  A cyclops (D:11)
  4 salamanders (Volcano)
  A torpor snail (Lair:4)
  4 black mambas
  6 spiny frogs
  A molten gargoyle (Volcano)
  A rime drake (Lair:1)
  A komodo dragon (Lair:3)
  7 polar bears
  3 tyrant leeches (Lair:2)
  3 trolls (D:9)
  4 blink frogs (Lair:4)
  4 hippogriffs
  4 hogs (D:7)
  Sigmund (D:6)
  30 yaks
  A basilisk (Lair:2)
  2 fire bats (Volcano)
  Grum (D:8)
  A wyvern (Lair:1)
  A human (D:7)
  A hungry ghost (D:9)
  A swamp worm (Lair:2)
  2 acid dragons (D:12)
  17 water moccasins
  6 porcupines
  4 sky beasts
  2 ice beasts (D:10)
  9 black bears
  5 orc warriors
  An eye of draining (D:11)
  A necrophage (D:7)
  7 ogres
  A phantom (D:12)
  8 centaurs
  14 wolves
  9 crocodiles
  A wyvern zombie (D:12)
  10 bullfrogs
  3 scorpions
  7 killer bees
  3 howler monkeys (D:7)
  5 lava snakes (Volcano)
  2 crimson imps
  A centaur zombie (D:6)
  2 bullfrog zombies
  6 hounds
  2 jellies
  A quasit (D:12)
  4 orc priests
  A centaur skeleton (D:8)
  Jessica (D:2)
  4 bullfrog skeletons
  10 orc wizards
  An iguana (D:8)
  5 worker ants
  A hound zombie (D:8)
  4 hound skeletons
  A howler monkey zombie (D:5)
  A worker ant zombie (D:7)
  13 adders
  A howler monkey skeleton (D:4)
  2 shadow imps
  An adder zombie (D:5)
  5 worms
  10 dart slugs
  4 leopard geckos
  32 orcs
  A giant cockroach (D:6)
  9 goblins
  2 hobgoblins
  17 jackals
  4 quokkas
  6 bats
  3 frilled lizards
  7 kobolds
  A quokka zombie (D:5)
  3 rats
  A plant (Lair:4)
384 creatures vanquished.

Vanquished Creatures (others)
  A slave (D:7)
  A scorpion (D:7)
  A hound (D:7)
  7 fungi
  3 plants
13 creatures vanquished.

Grand Total: 397 creatures vanquished

Notes
Turn   | Place    | Note
-------+----------+-------------------------------------------
     0 | D:1      | BALLS the Vine Stalker Fighter began the quest for the Orb.
     0 | D:1      | Reached XP level 1. HP: 11/11 MP: 2/2
   127 | D:1      | Found a snail-covered altar of Cheibriados.
   139 | D:1      | Reached skill level 2 in Long Blades
   152 | D:1      | Reached XP level 2. HP: 15/16 MP: 3/3
   767 | D:2      | Reached skill level 3 in Long Blades
   778 | D:2      | Reached XP level 3. HP: 18/19 MP: 4/4
   911 | D:2      | Found a white marble altar of Elyvilon.
  1145 | D:3      | Noticed Jessica
  1149 | D:2      | Killed Jessica
  1149 | D:2      | Gained mutation: Your natural rate of healing is unusually fast. [Vine Stalker growth]
  1149 | D:2      | Reached XP level 4. HP: 22/23 MP: 5/5
  1170 | D:3      | Reached skill level 4 in Long Blades
  1245 | D:3      | Found a shattered altar of Ashenzari.
  1388 | D:3      | Reached XP level 5. HP: 27/27 MP: 6/6
  1730 | D:3      | Found an ancient bone altar of Kikubaaqudgha.
  1934 | D:3      | Found an iron altar of Okawaru.
  1934 | D:3      | Found an opulent altar of Gozag.
  1937 | D:3      | Found a basalt altar of Yredelemnul.
  1954 | D:3      | Became a worshipper of Warmaster Okawaru
  2029 | D:4      | Noticed an ogre
  2040 | D:4      | Killed an ogre
  2040 | D:4      | Reached skill level 5 in Long Blades
  2136 | D:4      | Reached XP level 6. HP: 32/32 MP: 7/7
  2152 | D:4      | Found a sparkling altar of Nemelex Xobeh.
  2253 | D:4      | Reached * piety under Okawaru
  2257 | D:4      | Reached skill level 6 in Long Blades
  2959 | D:4      | Found a sacrificial altar of Ru.
  3057 | D:5      | Entered Level 5 of the Dungeon
  3175 | D:5      | Reached XP level 7. HP: 35/35 MP: 8/8
  3320 | D:5      | Reached skill level 7 in Long Blades
  3628 | D:5      | Found a bloodstained altar of Trog.
  3825 | D:6      | Noticed Sigmund
  3848 | D:5      | Reached ** piety under Okawaru
  3848 | D:5      | Gained mutation: You have razor-sharp teeth. [Vine Stalker growth]
  3848 | D:5      | Reached XP level 8. HP: 32/42 MP: 7/9
  3960 | D:6      | Killed Sigmund
  3960 | D:6      | Reached skill level 5 in Fighting
  4009 | D:6      | Found Kofeuc Sill's Food Boutique.
  4055 | D:6      | Found a blossoming altar of Fedhas.
  4097 | D:6      | Found a burning altar of Makhleb.
  4512 | D:7      | Reached *** piety under Okawaru
  4583 | D:7      | Reached XP level 9. HP: 42/48 MP: 8/10
  4647 | D:7      | Noticed Pikel
  4660 | D:7      | Killed Pikel
  4660 | D:7      | Reached **** piety under Okawaru
  5013 | D:7      | Got a pair of heavily runed gloves
  5032 | D:7      | Identified the cursed +0 pair of gloves of Henotheism {+Fly rElec rN++ Slay-6} (You found it on level 7 of the Dungeon)
  5046 | D:7      | Found a staircase to the Ecumenical Temple.
  5055 | Temple   | Entered the Ecumenical Temple
  5352 | D:8      | Noticed Erica
  5363 | D:8      | Killed Erica
  5363 | D:8      | Reached XP level 10. HP: 53/53 MP: 13/13
  5392 | D:8      | Noticed Grum
  5432 | D:8      | Noticed Maurice
  5569 | D:9      | You fall through a shaft!
  5569 | D:10     | Entered Level 10 of the Dungeon
  5584 | D:10     | Reached ***** piety under Okawaru
  5872 | D:9      | Reached skill level 8 in Long Blades
  5888 | D:9      | Received a gift from Okawaru
  5894 | D:9      | Got a bloodstained ring mail {god gift}
  5912 | D:9      | Identified the +1 ring mail of Zymippu {rElec Dex+4} (Okawaru gifted it to you on level 9 of the Dungeon)
  6091 | D:9      | Reached skill level 5 in Invocations
  6095 | D:9      | Reached skill level 1 in Evocations
  6241 | D:9      | Reached XP level 11. HP: 58/58 MP: 15/15
  6330 | D:9      | Noticed a two-headed ogre
  6337 | D:9      | Killed a two-headed ogre
  6382 | D:9      | Noticed Kave's ghost (novice TrTm)
  6632 | D:8      | Found a glowing silver altar of Zin.
  6746 | D:8      | Got a bronze scale mail
  6757 | D:8      | Identified the cursed +1 scale mail "Feasch" {MR+ Int+3} (You found it on level 8 of the Dungeon)
  6927 | D:8      | Reached skill level 5 in Evocations
  7004 | D:8      | Killed Grum
  7340 | D:9      | Found a hazy altar of Hepliaklqana.
  7452 | D:9      | Reached skill level 9 in Long Blades
  7519 | D:9      | Killed Kave's ghost
  7816 | D:10     | Found a staircase to the Lair.
  7877 | D:10     | Noticed a two-headed ogre
  7883 | D:10     | Killed a two-headed ogre
  7962 | D:10     | Noticed a two-headed ogre
  7971 | D:10     | Killed a two-headed ogre
  7971 | D:10     | Reached skill level 10 in Long Blades
  8554 | D:11     | Noticed a two-headed ogre
  8564 | D:11     | Killed a two-headed ogre
  8751 | D:11     | Noticed a cyclops
  8759 | D:11     | Killed a cyclops
  9122 | D:12     | Found Vivoq's Book Shop.
  9138 | D:12     | Found Feppibro's Distillery.
  9145 | D:12     | Found a staircase to the Orcish Mines.
  9278 | D:12     | Gained mutation: You heal very quickly. [Vine Stalker growth]
  9278 | D:12     | Reached XP level 12. HP: 63/65 MP: 16/16
  9532 | D:12     | Found a roughly hewn altar of Beogh.
  9617 | D:12     | Found a shadowy altar of Dithmenos.
  9768 | Lair:1   | Entered Level 1 of the Lair of Beasts
  9849 | Lair:1   | Found a dark tunnel.
  9862 | Volcano  | Entered a volcano
 10155 | Volcano  | Found a radiant altar of Vehumet.
 10163 | Volcano  | Reached skill level 11 in Long Blades
 10253 | Volcano  | Received a gift from Okawaru
 10283 | Volcano  | Noticed a hell knight
 10584 | Lair:1   | Reached skill level 12 in Long Blades
 11311 | Lair:2   | Received a gift from Okawaru
 11450 | Lair:2   | Noticed Sonja
 11553 | Lair:2   | Killed Sonja
 11608 | Lair:2   | Noticed a death yak
 11609 | Lair:2   | Noticed a death yak
 11609 | Lair:2   | Noticed a death yak
 11623 | Lair:2   | Killed a death yak
 11628 | Lair:2   | Noticed a death yak
 11633 | Lair:2   | Killed a death yak
 11633 | Lair:2   | Received a gift from Okawaru
 11633 | Lair:2   | Reached XP level 13. HP: 48/70 MP: 15/17
 11634 | Lair:2   | Got a twisted large shield {god gift}
 11666 | Lair:2   | Reached skill level 10 in Fighting
 11678 | Lair:2   | Identified the +3 large shield of Unambiguity {Dex+6} (Okawaru gifted it to you on level 2 of the Lair of Beasts)
 11735 | Lair:2   | Noticed Gastronok
 11751 | Lair:2   | Killed Gastronok
 11954 | Lair:2   | Found a staircase to the Swamp.
 12297 | Lair:3   | Noticed blah's ghost (journeyman GrFi)
 12329 | Lair:3   | Killed blah's ghost
 12623 | Lair:3   | Received a gift from Okawaru
 12689 | Lair:3   | Received a gift from Okawaru
 12826 | Lair:3   | Found a staircase to the Snake Pit.
 13197 | Lair:4   | Received a gift from Okawaru
 13204 | Lair:4   | Got a crude scarf {god gift}
 13237 | Lair:4   | Identified the scarf of Digruz {rC+ rN+} (Okawaru gifted it to you on level 4 of the Lair of Beasts)
 13267 | Lair:4   | Reached skill level 13 in Long Blades
 13516 | Lair:4   | Reached skill level 1 in Spellcasting
 13521 | Lair:4   | Reached XP level 14. HP: 77/77 MP: 18/18
 13533 | Lair:4   | Splashed by an oklob plant's acid

Skill      XL: |  1  2  3  4  5  6  7  8  9 10 11 12 13 |
---------------+----------------------------------------+-----
Long Blades    | 2 3 4 5 6 7 8 10 12 13 | 13.2
Fighting       | 4 5 6 8 9 10 | 10.0
Shields        | 4 6 7 9 |  9.1
Armour         | 4 6 7 9 |  9.0
Invocations    | 3 5 |  5.0
Evocations     | 1 5 |  5.0
Spellcasting   | 1 |  1.5

Action                   |  1- 3 |  4- 6 |  7- 9 | 10-12 | 13-15 || total
-------------------------+-------+-------+-------+-------+-------++-------
Melee: Long sword        |    78 |   175 |       |       |       ||   253
       Bite              |    23 |    63 |    81 |   255 |   167 ||   589
       Falchion          |       |     9 |   228 |   114 |       ||   351
       Scimitar          |       |       |       |   502 |   342 ||   844
Invok: Heroism           |       |       |     4 |    18 |     4 ||    26
       Finesse           |       |       |       |     7 |     2 ||     9
  Use: Scroll            |       |     6 |     1 |    18 |     1 ||    26
  Eat: Chunk             |     1 |     7 |     7 |    20 |     7 ||    42
       Fruit             |       |       |       |     2 |       ||     2
Armor: Scale mail        |    33 |    79 |    67 |   137 |   116 ||   432
       Ring mail         |       |       |       |    29 |       ||    29
Dodge: Dodged            |    33 |    64 |    46 |   175 |    68 ||   386
Block: Shield            |    46 |    89 |   113 |   327 |     2 ||   577
       Large shield      |       |       |       |       |   394 ||   394
       Rpst.: Long sword |    10 |    21 |       |       |       ||    31
       Falchion          |       |       |    12 |     3 |       ||    15
       Scimitar          |       |       |       |    38 |    17 ||    55
